 Dungeon Crawl Stone Soup version 0.23-a0-419-g0174fd8 (webtiles) character file.

1577 zxpr0jk the Slasher (level 8, -3/64 HPs)
             Began as a Vampire Gladiator on Nov 12, 2018.
             Was a Follower of Ru.
             Slain by a hippogriff (6 damage)
             ... on level 7 of the Dungeon.
             The game lasted 00:22:01 (6376 turns).

zxpr0jk the Slasher (Vampire Gladiator)             Turns: 6376, Time: 00:22:02

Health: -3/64      AC:  4    Str: 15    XL:     8   Next: 60%
Magic:  8/8        EV: 17    Int: 13    God:    Ru [*.....]
Gold:   291        SH:  0    Dex: 19    Spells: 7/7 levels left

rFire    . . .     SeeInvis +   a - +0 long sword
rCold    . . .     Gourm    .   (no shield)
rNeg     . . .     Faith    .   b - +0 leather armour
rPois    .         Spirit   .   f - +1 helmet {Int+3}
rElec    .         Reflect  .   u - +2 cloak
rCorr    .         Harm     .   q - +0 pair of gloves
MR       .....                  (no boots)
Stlth    +.........             (no amulet)
HPRegen  0.40/turn              d - +3 ring of dexterity
MPRegen  0.11/turn              (no ring)

@: regenerating quickly
A: fangs 3, see invisible, unbreathing, reduced AC 1
a: Renounce Religion


You were on level 7 of the Dungeon.
You worshipped Ru.
Ru was aware of your devotion.
You were almost alive.

You visited 1 branch of the dungeon, and saw 7 of its levels.

You collected 291 gold pieces.

Inventory:

Hand Weapons
 a - a +0 long sword (weapon)
Missiles
 m - 95 stones (quivered)
Armour
 b - a +0 leather armour (worn)
 f - a +1 helmet of intelligence (worn)
 h - a +0 scale mail
 q - a +0 pair of gloves (worn)
 u - a +2 cloak (worn)
Jewellery
 d - a +3 ring of dexterity (left hand)
Wands
 l - a wand of paralysis (4)
 t - a wand of polymorph (3)
Scrolls
 c - a scroll of noise
 i - 8 scrolls of identify {unknown}
 j - 5 scrolls of teleportation {unknown}
 k - 4 scrolls of blinking {unknown}
 n - 6 scrolls of amnesia {unknown}
 o - 3 scrolls of remove curse {unknown}
 r - a scroll of magic mapping {unknown}
Potions
 e - 2 potions of blood
 g - a potion of mutation {unknown}
 p - 2 potions of heal wounds {unknown}
 s - a potion of invisibility {unknown}
 v - a potion of brilliance {unknown}


   Skills:
 + Level 5.9 Fighting
 * Level 7.5 Long Blades
 - Level 1.5 Throwing
 - Level 7.0 Dodging


You had 7 spell levels left.
You didn't know any spells.
Your spell library contained the following spells:

 Spells                   Type           Power        Failure   Level  Hunger
 Summon Small Mammal      Summ           #...         36%         1    ##.....
 Call Imp                 Summ           #.......     50%         2    ###....
 Call Canine Familiar     Summ           #.......     75%         3    ####...
 Summon Guardian Golem    Hex/Summ       #.......     75%         3    ####...
 Summon Ice Beast         Ice/Summ       #.......     98%         4    #####..
 Summon Lightning Spire   Summ/Air       #.......     98%         4    #####..


Dungeon Overview and Level Annotations

Branches:
Dungeon (7/15)
 Temple: D:4-7

Altars:
Ashenzari
Cheibriados
Fedhas
Makhleb
Qazlal
Ru
Sif Muna
Trog
Uskayaw
Wu Jian
The Shining One


Innate Abilities, Weirdness & Mutations

Your natural rate of healing is unusually fast.
You have razor-sharp teeth.
You have supernaturally acute eyesight. (SInv)
You can survive without breathing.
You take slightly more damage. (AC -5)


Message History

The hippogriff is almost dead.
The hippogriff bites you!
* * * LOW HITPOINT WARNING * * *
The hippogriff pecks you but does no damage.
The hippogriff claws you!
* * * LOW HITPOINT WARNING * * *
You hit the hippogriff but do no damage.
Your bite misses the hippogriff.
The hippogriff is almost dead.
The hippogriff bites you.
* * * LOW HITPOINT WARNING * * *
The hippogriff misses you. x2
You completely miss the hippogriff. You bite the hippogriff.
The hippogriff is almost dead.
The hippogriff bites you.
* * * LOW HITPOINT WARNING * * *
The hippogriff pecks you.
* * * LOW HITPOINT WARNING * * *
The hippogriff claws you.
You die...

#.# #........#
#####.#.........
#...%.[..#
#.....#........
#........#
##.####.......
#........# ##.##
#..(...
#........# #...#
#..(..
########## ###.#
#..(. #.# #.#H#
#.# #.#@# #.#
#.#.####
#.###.#....#
#..........#
#####.##...#
#.##...#
#.##...########
#..+..).).....+
#.##...########


You could see a hippogriff.

Vanquished Creatures
  A necrophage (D:6)
  A phantom (D:3)
  A centaur (D:6)
  A big kobold (D:7)
  3 bullfrogs
  2 howler monkeys
  4 crimson imps
  2 hounds (D:6)
  Crazy Yiuf (D:3)
  A jelly (D:7)
  2 centaur skeletons
  3 orc priests
  5 orc wizards
  2 iguanas
  2 worker ants
  Robin (D:2)
  17 gnolls
  6 adders
  An ooze (D:2)
  An adder zombie (D:5)
  6 worms
  2 dart slugs
  4 leopard geckos
  8 orcs
  3 ball pythons (D:3)
  6 bats
  4 giant cockroaches
  12 goblins
  13 hobgoblins
  13 jackals
  13 kobolds
  2 quokkas
  8 frilled lizards
  A quokka zombie (D:6)
  9 rats
161 creatures vanquished.

Notes
Turn   | Place    | Note
-------+----------+-------------------------------------------
     0 | D:1      | zxpr0jk the Vampire Gladiator began the quest for the Orb.
     0 | D:1      | Reached XP level 1. HP: 16/16 MP: 1/1
   351 | D:1      | Reached XP level 2. HP: 11/22 MP: 2/2
   389 | D:1      | You fall through a shaft!
   599 | D:2      | Reached XP level 3. HP: 22/27 MP: 3/3
  1034 | D:2      | Noticed Robin
  1060 | D:2      | Killed Robin
  1060 | D:2      | Reached XP level 4. HP: 26/34 MP: 4/4
  2015 | D:3      | Noticed a phantom
  2051 | D:3      | Killed a phantom
  2051 | D:3      | Reached skill level 5 in Dodging
  2051 | D:3      | Reached XP level 5. HP: 20/41 MP: 5/5
  2153 | D:3      | Reached XP level 6. HP: 46/47 MP: 6/6
  2279 | D:3      | Found a runed door.
  2579 | D:3      | Found a deep blue altar of Sif Muna.
  3058 | D:3      | Noticed Crazy Yiuf
  3065 | D:3      | Killed Crazy Yiuf
  3473 | D:4      | Reached XP level 7. HP: 37/54 MP: 7/7
  3587 | D:4      | Found a stormy altar of Qazlal.
  3709 | D:4      | Found a blossoming altar of Fedhas.
  3847 | D:5      | Entered Level 5 of the Dungeon
  4532 | D:5      | Found a hide-covered altar of Uskayaw.
  4533 | D:5      | Found a bloodstained altar of Trog.
  4536 | D:5      | Found a sacrificial altar of Ru.
  4793 | D:5      | Became a worshipper of Ru the Awakened
  4943 | D:6      | Found a glowing golden altar of the Shining One.
  4988 | D:6      | Reached skill level 5 in Long Blades
  5335 | D:6      | Reached skill level 5 in Fighting
  5382 | D:6      | Reached XP level 8. HP: 62/62 MP: 8/8
  5750 | D:6      | Gained mutation: You take slightly more damage. (AC -5) [Ru
                  | sacrifice]
  5750 | D:6      | Reached * piety under Ru
  6010 | D:7      | Found an ornate altar of the Wu Jian Council.
  6011 | D:7      | Found a burning altar of Makhleb.
  6011 | D:7      | Found a shattered altar of Ashenzari.
  6067 | D:7      | Found a snail-covered altar of Cheibriados.
  6359 | D:7      | Noticed a hippogriff
  6376 | D:7      | HP: 3/64 [hippogriff (5)]
  6376 | D:7      | Slain by a hippogriff

Vault maps used:
D:1:      minmay_arrival_diagonal_passages
D:2:      first_ration, uniq_robin
D:3:      lemuel_blue_sif_altar, uniq_crazy_yiuf_cottage
D:4:      cheibrodos_helix_gallery, grunt_temple_overflow_forces_of_nature,
          minmay_temple_entry_poolview
D:5:      minitemple
D:6:      lemuel_crystal_altar
D:7:      grunt_temple_overflow_open

Skill      XL: |  1  2  3  4  5  6  7  8 |
---------------+-------------------------+-----
Fighting       | 2 3 4 5 |  5.9
Long Blades    | 4 6 7 |  7.5
Dodging        | 5 6 7 |  7.0
Throwing       | |  1.5

Action                   |  1- 3 |  4- 6 |  7- 9 || total
-------------------------+-------+-------+-------++-------
Melee: Long sword        |   112 |   178 |   255 ||   545
       Bite              |    14 |    24 |    43 ||    81
Throw: Throwing net      |    12 |       |     3 ||    15
       Stone             |    72 |   156 |   137 ||   365
Invok: Sacrifice Health  |       |       |     1 ||     1
  Use: Potion            |     4 |    12 |     1 ||    17
       Scroll            |       |     1 |       ||     1
 Stab: Held in net/web   |     2 |       |       ||     2
  Eat: Corpse            |     8 |     3 |    16 ||    27
Armor: Leather armour    |    26 |    34 |    62 ||   122
Dodge: Dodged            |    74 |   147 |   203 ||   424
       Rpst.: Long sword |    21 |    41 |    57 ||   119

Table legend:
 A = Non-vault XP
 B = Vault XP
 C = Vault XP percentage of total XP
 D = Non-vault monster count
 E = Vault monster count
 F = Vault count percentage of total count
                 A         B        C        D         E       F
            +---------+---------+-------+---------+---------+-------
      Total |    2176 |      77 |   3.4 |     149 |      12 |   7.5
            +---------+---------+-------+---------+---------+-------
        D:1 |      21 |       0 |   0.0 |      13 |       0 |   0.0
        D:2 |     126 |      35 |  21.7 |      36 |      11 |  23.4
        D:3 |     330 |      42 |  11.3 |      35 |       1 |   2.8
        D:4 |     215 |       0 |   0.0 |      13 |       0 |   0.0
        D:5 |     229 |       0 |   0.0 |      16 |       0 |   0.0
        D:6 |     868 |       0 |   0.0 |      23 |       0 |   0.0
        D:7 |     387 |       0 |   0.0 |      13 |       0 |   0.0
            +---------+---------+-------+---------+---------+-------
